 Dungeon Crawl Stone Soup version 0.17-a0-1-g1f4be75 (webtiles) character file.

119 vatarom the Changer (level 5, -9/49 HPs)
             Began as a Naga Transmuter on Mar 11, 2015.
             Mangled by a gnoll
             ... wielding a +0 halberd
              (18 damage)
             ... on level 3 of the Dungeon.
             The game lasted 00:07:36 (2923 turns).

vatarom the Changer (Naga Transmuter)               Turns: 2923, Time: 00:07:36

Health: -9/49      AC:  2    Str: 12    XL:     5   Next: 3%
Magic:  4/8        EV: 19    Int: 15    God:
Gold:   115        SH:  0    Dex: 16    Spells: 3 memorised, 2 levels left

rFire  . . .     SeeInvis +       - Unarmed
rCold  . . .     Clarity  .     g - melded +0 robe (curse)
rNeg   . . .     SustAb   .     (shield currently unavailable)
rPois  x         Gourm    .     (helmet currently unavailable)
rElec  .         Spirit   .     (cloak currently unavailable)
rCorr  .         Warding  .     (gloves currently unavailable)
rMut   .         Stasis   .     (no barding)
MR     .....                    (no amulet)
Stlth  +.........               (no ring)
                                (no ring)

@: spider-form (expiring), glowing, not resistant to hostile enchantments, very
unstealthy
A: spit poison, (horns 0), see invisible, blink 1, (deformed body), low mp 1,
(poison resistance), (shaggy fur 0), (slowness 0), AC +1
a: Spit Poison, End Transformation, Blink


You were on level 3 of the Dungeon.
You were not hungry.
You were a venomous arachnid creature.
You visited 1 branch of the dungeon, and saw 4 of its levels.

You collected 115 gold pieces.

Inventory:

Missiles
 b - 12 arrows
 l - 11 arrows of dispersal
Armour
 g - a cursed +0 robe (melded)
Scrolls
 c - 3 scrolls of fog
 e - 2 scrolls of magic mapping
 j - 2 scrolls of remove curse
Potions
 h - a potion of curing
 k - a potion of cancellation
Books
 d - a book of Changes

   Spells                             Type                      Level
   a - Beastly Appendage              Transmutation                1
   b - Sticks to Snakes               Transmutation                2
   c - Spider Form                    Transmutation/Poison         3
   d - Ice Form                       Ice/Transmutation            4
   e - Blade Hands                    Transmutation                5
Comestibles
 a - 4 bread rations
 f - a meat ration
 i - a slice of pizza


   Skills:
 - Level 3.2 Fighting
 - Level 1.5 Dodging
 - Level 3.0 Unarmed Combat
 - Level 2.0 Spellcasting
 + Level 3.8 Transmutations


You had 2 spell levels left.
You knew the following spells:

 Your Spells              Type           Power        Failure   Level  Hunger
a - Beastly Appendage     Trmt           ##....       17%         1    #......
b - Spider Form           Trmt/Pois      #.........   56%         3    ###....
c - Sticks to Snakes      Trmt           ##........   24%         2    ###....


Dungeon Overview and Level Annotations

Branches:
Dungeon (4/15)
 Temple: D:4-7

Altars:
Gozag
Ru
Zin


Innate Abilities, Weirdness & Mutations

You cannot wear boots.
You can spit poison.
((Your serpentine skin is tough (AC +1).))
You have supernaturally acute eyesight.
((Armour fits poorly on your strangely shaped body.))
((Your system is resistant to poisons.))
((You cover ground very slowly.))
((You have a pair of small horns on your head.))
You can translocate small distances at will.
Your magical capacity is low (-10% MP).
((You are covered in fur (AC +1).))


Message History

Your cursed +0 robe melds into your body.
Unknown command.
You hit the gnoll.
The gnoll is heavily wounded.
Your transformation is almost over.
The gnoll completely misses you. x2
The gnoll misses you. x2
You hit the gnoll.
The gnoll is poisoned.
The gnoll is severely wounded.
The gnoll barely misses you. The gnoll misses you.
The gnoll completely misses you. The gnoll hits you with a halberd!
You hit the gnoll.
You kill the gnoll!
You have reached level 5!
The gnoll hits you with a spear.
* * * LOW HITPOINT WARNING * * *
The gnoll hits you with a club.
* * * LOW HITPOINT WARNING * * *
The gnoll hits you with a halberd!!
You die...

......#.....#.##.# #.......##.#
#####.#.....#.##(# #.......##.###
..#.#.#.)...#..#.# #.......##....
....#.#....##..#.# #.......######
..#.#.#.#..<#....# #######.######
....#.#.#####.#..# #.......
#####.#.....#.#..# #######.
......##.##.#.#gg###############.
########......#gs)...............
#.####.################### #.#
#.# #.# #.# #.# #.# ##.####.#
#.......# #########


You could see 3 gnolls.

Vanquished Creatures
  5 gnolls
  2 adders (D:2)
  A worm (D:2)
  A giant gecko (D:3)
  4 bats (D:1)
  5 giant cockroaches
  8 goblins
  6 hobgoblins
  3 kobolds
  3 ball pythons
  3 giant newts
  6 rats
47 creatures vanquished.

Notes
Turn   | Place    | Note
--------------------------------------------------------------
     0 | D:1      | vatarom, the Naga Transmuter, began the quest for the Orb.
     0 | D:1      | Reached XP level 1. HP: 18/18 MP: 3/3
    63 | D:1      | Gained mutation: You are agile. (Dex +2) [potion of mutation]
    63 | D:1      | Gained mutation: Your magical capacity is low (-10% MP). [potion of mutation]
    63 | D:1      | Lost mutation: You are agile. (Dex +2) [potion of mutation]
   244 | D:1      | Reached XP level 2. HP: 20/26 MP: 3/3
  1068 | D:1      | Reached XP level 3. HP: 33/33 MP: 5/5
  1073 | D:1      | Learned a level 3 spell: Spider Form
  1213 | D:2      | Gained mutation: You have a pair of small horns on your head. [potion of mutation]
  1213 | D:2      | Gained mutation: You are covered in fur (AC +1). [potion of mutation]
  1213 | D:2      | Gained mutation: You can translocate small distances at will. [potion of mutation]
  1455 | D:2      | Found a sacrificial altar of Ru.
  1612 | D:2      | Reached XP level 4. HP: 22/42 MP: 2/6
  1925 | D:2      | Learned a level 2 spell: Sticks to Snakes
  2202 | D:2      | Found an opulent altar of Gozag.
  2207 | D:2      | Found a glowing silver altar of Zin.
  2923 | D:3      | Reached XP level 5. HP: 15/49 MP: 4/8
  2923 | D:3      | Mangled by a gnoll

Action                   |  1- 3 |  4- 6 || total
-------------------------+-------+-------++-------
Melee: Unarmed           |    84 |    50 ||   134
 Cast: Beastly Appendage |     5 |       ||     5
       Spider Form       |     3 |     2 ||     5
 Abil: Spit Poison       |    21 |     4 ||    25
  Use: Potion            |     7 |     2 ||     9
       Scroll            |     6 |     1 ||     7
 Stab: Sleeping          |       |     1 ||     1
  Eat: Bread ration      |     1 |     1 ||     2
       Beef jerky        |       |     1 ||     1
